 Dungeon Crawl Stone Soup version 0.21.1-1-g345015f (webtiles) character file.

131 Iko the Skirmisher (level 5, -8/51 HPs)
             Began as a Naga Abyssal Knight on May 5, 2018.
             Was a Follower of Lugonu.
             Mangled by t7DKbSm's ghost (21 damage)
             ... on level 5 of the Dungeon.
             The game lasted 00:05:47 (470 turns).

Iko the Skirmisher (Naga Abyssal Knight)             Turns: 470, Time: 00:05:48

Health: -8/51      AC:  3    Str: 14    XL:     5   Next: 14%
Magic:  6/6        EV:  9    Int: 12    God:    Lugonu [*.....]
Gold:   9          SH:  0    Dex: 12    Spells: 4/4 levels left

rFire    . . .     SeeInvis +   a - +1 falchion
rCold    . . .     Gourm    .   (no shield)
rNeg     . . .     Faith    .   b - +0 leather armour
rPois    +         Spirit   .   (no helmet)
rElec    .         Reflect  .   (no cloak)
rCorr    .         Harm     .   (no gloves)
MR       .....     Rnd*Tele +   (no barding)
Stlth    +.........             (no amulet)
HPRegen  0.17/turn              d - ring of teleportation
MPRegen  0.10/turn              (no ring)

@: short of breath, very slow
A: large, see invisible, deformed body, poison resistance, slowness 2, slow
metabolism 1, spit poison 1, AC +1
a: Spit Poison, Depart the Abyss, Renounce Religion


You were on level 5 of the Dungeon.
You worshipped Lugonu.
Lugonu was aware of your devotion.
You were not hungry.

You visited 1 branch of the dungeon, and saw 5 of its levels.
You visited the Abyss 1 time.

You collected 9 gold pieces.

Inventory:

Hand Weapons
 a - a +1 falchion (weapon)
Armour
 b - a +0 leather armour (worn)
Jewellery
 d - a ring of teleportation (left hand)
Potions
 f - 2 potions of lignification
Comestibles
 c - a ration


   Skills:
 + Level 4.5 Fighting
 + Level 2.8 Long Blades
 + Level 2.2 Armour
 + Level 1.2 Dodging
 + Level 0.1 Stealth
 + Level 2.2 Invocations


You had 4 spell levels left.
You didn't know any spells.

Dungeon Overview and Level Annotations

Branches:
Dungeon (5/15)
 Temple: D:4-7

Altars:

Annotations:
D:5 t7DKbSm's ghost, novice MiFi


Innate Abilities, Weirdness & Mutations

You cannot wear boots.
Your serpentine skin is tough. (AC +1)
You have supernaturally acute eyesight. (SInv)
Armour fits poorly on your strangely shaped body.
Your system is resistant to poisons. (rPois)
You cover ground very slowly.
You have a slow metabolism.
You can spit poison.


Message History

The leopard gecko hisses menacingly.
The leopard gecko barely misses you.
T7DKbSm's ghost turns its malevolent gaze towards you.
You slash the leopard gecko!
You kill the leopard gecko!
Lugonu accepts your kill.
T7DKbSm's ghost says, "They lied to you.
The Dungeon just goes down and down forever."
A worker ant comes into view.
You closely miss t7DKbSm's ghost.
The worker ant twitches its antennae in your direction.
T7DKbSm's ghost barely misses you.
Press: ? - help, Shift-Dir - straight line, f - t7DKbSm's ghost
Aim: t7DKbSm's ghost The splash of poison hits t7DKbSm's ghost.
T7DKbSm's ghost appears unharmed.
You feel slightly more hungry. T7DKbSm's ghost hits you!
You barely miss t7DKbSm's ghost. T7DKbSm's ghost hits you!
* * * LOW HITPOINT WARNING * * *
T7DKbSm's ghost hits you!!
You die...

### ##.##
..####...##
..........#
#<<.#
####.###
#......#
#.##.#.#
#..#@#.#
.####..W.# #
.'.....a.#
.##........#
#........#
#.......(#
###...####
#...# ##.##


You could see a worker ant and t7DKbSm's ghost.

Vanquished Creatures
  An ogre (D:4)
  3 adders
  A leopard gecko (D:5)
  A goblin (D:3)
  A hobgoblin (D:2)
  7 jackals
  2 kobolds (D:2)
  2 rats
18 creatures vanquished.

Notes
Turn   | Place    | Note
-------+----------+-------------------------------------------
     0 | Abyss:1  | Iko the Naga Abyssal Knight began the quest for the Orb.
     0 | Abyss:1  | Reached XP level 1. HP: 21/21 MP: 2/2
    20 | D:1      | Escaped the Abyss
   142 | D:2      | Reached XP level 2. HP: 15/28 MP: 3/3
   259 | D:3      | Noticed a wight
   259 | D:3      | Noticed a wight
   259 | D:3      | Noticed a wight
   297 | D:2      | Reached XP level 3. HP: 18/36 MP: 4/4
   350 | D:4      | Noticed an ogre
   358 | D:4      | Reached skill level 4 in Fighting
   361 | D:4      | Killed an ogre
   361 | D:4      | Reached skill level 1 in Dodging
   361 | D:4      | Reached XP level 4. HP: 15/45 MP: 5/5
   361 | D:4      | Reached XP level 5. HP: 17/51 MP: 6/6
   387 | D:4      | Reached * piety under Lugonu
   456 | D:5      | Entered Level 5 of the Dungeon
   462 | D:5      | Noticed t7DKbSm's ghost (novice MiFi)
   470 | D:5      | Mangled by t7DKbSm's ghost

Skill      XL: |  1  2  3 |
---------------+----------+-----
Fighting       | 4 |  4.5
Armour         | 2 |  2.2
Dodging        | 1 |  1.2
Long Blades    | |  2.8
Stealth        | |  0.1
Invocations    | |  2.2

Action                   |  1- 3 |  4- 6 || total
-------------------------+-------+-------++-------
Melee: Falchion          |    29 |    13 ||    42
Invok: Depart the Abyss  |     1 |       ||     1
 Abil: Spit Poison       |     2 |     1 ||     3
  Use: Scroll            |     3 |     1 ||     4
       Potion            |     1 |       ||     1
Armor: Leather armour    |     8 |     5 ||    13
Dodge: Dodged            |    17 |     5 ||    22
       Rpst.: Falchion   |     8 |     1 ||     9
